 Dungeon Crawl Stone Soup version 0.25-a0-589-g1e14c549ee (webtiles) character file.

Game seed: 4843586077714682520, levelgen mode: deterministic

178 Kohma the Shield-Bearer (level 5, -7/41 HPs)
             Began as a Demonspawn Fighter on Mar 11, 2020.
             Killed by divine providence
             ... invoked by an orc priest
              (14 damage)
             ... on level 4 of the Dungeon.
             The game lasted 00:04:19 (2813 turns).

Kohma the Shield-Bearer (Demonspawn Fighter)        Turns: 2813, Time: 00:04:20

Health: -7/41      AC: 10    Str: 17    XL:     5   Next: 32%
Magic:  5/5        EV:  7    Int: 10    God:
Gold:   139        SH:  9    Dex: 12    Spells: 4/4 levels left

rFire    . . .     SeeInvis .   a - +0 long sword
rCold    . . .     Gourm    .   c - +0 kite shield
rNeg     . . .     Faith    .   b - +0 scale mail
rPois    .         Spirit   .   (helmet restricted)
rElec    .         Reflect  .   (no cloak)
rCorr    .         Harm     .   (no gloves)
MR       .....                  x - +0 pair of boots
Stlth    ..........             (no amulet)
HPRegen  0.13/turn              (no ring)
MPRegen  0.09/turn              (no ring)

@: no status effects
A: antennae 2, yellow scales 1
a: no special abilities


You were on level 4 of the Dungeon.
You were hungry.

You visited 1 branch of the dungeon, and saw 4 of its levels.

You collected 139 gold pieces.

Inventory:

Hand Weapons
 a - a +0 long sword (weapon)
 m - a +1 dagger of flaming
 s - a cursed +0 dagger
Missiles
 e - 14 poisoned darts (quivered)
Armour
 b - a +0 scale mail (worn)
 c - a +0 kite shield (worn)
 o - a +1 robe of the Archmagi
 r - a +1 robe of positive energy
 x - a +0 pair of boots (worn)
Scrolls
 g - a scroll of random uselessness {unknown}
 i - a scroll of fog {unknown}
 j - 2 scrolls of remove curse {unknown}
 l - 2 scrolls of amnesia {unknown}
 t - a scroll of identify {unknown}
 u - a scroll of fear {unknown}
 w - 3 scrolls of immolation {unknown}
Potions
 d - a potion of might
 h - a potion of flight {unknown}
 k - a potion of brilliance {unknown}
 n - a potion of berserk rage {unknown}
 p - 2 potions of mutation {unknown}
 q - a potion of cancellation {unknown}
 v - a potion of curing {unknown}
Comestibles
 f - 6 rations


   Skills:
 - Level 3.0 Fighting
 + Level 3.3 Long Blades
 - Level 3.5 Armour
 + Level 4.0 Shields


You had 4 spell levels left.
You didn't know any spells.
Your spell library was empty.

Dungeon Overview and Level Annotations

Branches:
Dungeon (4/15)
 Temple: D:4-7

Altars:
Uskayaw


Innate Abilities, Weirdness & Mutations

You have a pair of antennae on your head.
You are partially covered in yellow scales. (AC +2)


Message History

The leopard gecko barely misses you.
You hit the orc priest.
The orc priest is moderately wounded.
The orc hits you but does no damage. The leopard gecko bites you.
The orc priest mumbles some strange prayers to Beogh against you.
Pain shoots through your body!
* * * LOW HITPOINT WARNING * * *
The orc hits you with a +0 whip.
* * * LOW HITPOINT WARNING * * *
The leopard gecko bites you but does no damage.
You hit the orc priest but do no damage.
The orc priest is moderately wounded.
The orc priest barely misses you.
You riposte.
You hit the orc priest but do no damage.
The orc priest is moderately wounded.
You block the leopard gecko's attack. The orc hits you with a +0 whip.
* * * LOW HITPOINT WARNING * * *
The orc priest mumbles some strange prayers to Beogh against you.
Beogh smites you!
You die...

.... .... ##..
............ .#.# ..
.......... ...#
.###......... ...
..#........# ..#
...........######..##
#..........#....ol..#
................@o..#
....<..........)....##
.....................#
...........#....>.......
...........##...........
........................
....................#.#.
....................$.#
#...................♣.#


You could see an orc priest, an orc and a leopard gecko.

Vanquished Creatures
  A bullfrog zombie (D:4)
  An orc wizard (D:4)
  6 adders
  A dart slug (D:2)
  3 leopard geckos
  2 orcs (D:4)
  2 bats (D:2)
  4 giant cockroaches
  10 goblins
  5 hobgoblins
  10 jackals
  A quokka (D:3)
  4 frilled lizards
  7 kobolds
  2 rats
59 creatures vanquished.

Notes
Turn   | Place    | Note
-------+----------+-------------------------------------------
     0 | D:1      | Kohma the Demonspawn Fighter began the quest for the Orb.
     0 | D:1      | Reached XP level 1. HP: 18/18 MP: 1/1
   365 | D:1      | Gained mutation: You have a pair of small antennae on your
                  | head. [demonic ancestry]
   365 | D:1      | Reached XP level 2. HP: 23/24 MP: 2/2
   890 | D:2      | Reached skill level 3 in Shields
  1057 | D:2      | Gained mutation: You have a pair of antennae on your head.
                  | [demonic ancestry]
  1057 | D:2      | Reached XP level 3. HP: 29/29 MP: 3/3
  1983 | D:2      | Reached XP level 4. HP: 35/35 MP: 4/4
  2150 | D:3      | Found a hide-covered altar of Uskayaw.
  2500 | D:4      | Gained mutation: You are partially covered in yellow
                  | scales. (AC +2) [demonic ancestry]
  2500 | D:4      | Reached XP level 5. HP: 14/41 MP: 5/5
  2801 | D:4      | Reached skill level 4 in Shields
  2813 | D:4      | Killed from afar by an orc priest

Levels and vault maps discovered:
D:1:      arrival_zaba_pyramid, layout_loops_ring
D:2:      layout_basic, first_ration, minmay_hedge_maze
D:3:      layout_basic, eat_drink_and_be_merry_uskayaw
D:4:      layout_cave_pools, chequers_mini_garden

Skill      XL: |  1  2  3  4  5 |
---------------+----------------+-----
Long Blades    | 2 3 |  3.3
Armour         | 3 |  3.5
Shields        | 3 4 |  4.0
Fighting       | |  3.0

Action                   |  1- 3 |  4- 6 || total
-------------------------+-------+-------++-------
Melee: Long sword        |    98 |   108 ||   206
       Dagger            |    28 |       ||    28
Throw: Dart              |     1 |     4 ||     5
  Eat: Chunk             |     4 |     2 ||     6
Armor: Scale mail        |    70 |    53 ||   123
Dodge: Dodged            |    52 |    39 ||    91
Block: Kite shield       |    88 |    57 ||   145
       Rpst.: Long sword |    19 |    16 ||    35

Table legend:
 A = Non-vault XP
 B = Vault XP
 C = Vault XP percentage of total XP
 D = Non-vault monster count
 E = Vault monster count
 F = Vault count percentage of total count
                 A         B        C        D         E       F
            +---------+---------+-------+---------+---------+-------
      Total |     255 |       0 |   0.0 |      59 |       0 |   0.0
            +---------+---------+-------+---------+---------+-------
        D:1 |      13 |       0 |   0.0 |       9 |       0 |   0.0
        D:2 |      89 |       0 |   0.0 |      27 |       0 |   0.0
        D:3 |      57 |       0 |   0.0 |      18 |       0 |   0.0
        D:4 |      96 |       0 |   0.0 |       5 |       0 |   0.0
            +---------+---------+-------+---------+---------+-------
